 Dungeon Crawl Stone Soup version 0.17.2-1-ge4368a0 (webtiles) character file.

597 Goblin1989 the Ruffian (level 7, -2/54 HPs)
             Began as a Demonspawn Gladiator on Aug 5, 2016.
             Was an Initiate of Fedhas.
             Slain by Edmund
             ... wielding a +5 flail of holy wrath
              (3 damage)
             ... on level 5 of the Dungeon.
             The game lasted 00:12:27 (4043 turns).

Goblin1989 the Ruffian (Demonspawn Gladiator)       Turns: 4043, Time: 00:12:27

Health: -2/54      AC:  7    Str: 22    XL:     7   Next: 17%
Magic:  7/7        EV:  8    Int:  9    God:    Fedhas [......]
Gold:   173        SH:  8    Dex: 13    Spells: 0 memorised, 6 levels left

rFire  . . .     SeeInvis .       - Unarmed
rCold  . . .     Clarity  .     m - +0 scale mail
rNeg   . . .     SustAt   .     i - +0 shield
rPois  .         Gourm    .     v - +0 helmet of Ywaanos {Str+4}
rElec  .         Spirit   .     (no cloak)
rCorr  .         Warding  .     (no gloves)
rMut   .         Stasis   .     (no boots)
MR     .....                    t - amulet of regeneration
Stlth  ++........               (no ring)
                                (no ring)

@: not resistant to hostile enchantments, unstealthy
A: claws 2, nightstalker 2
a: Renounce Religion


You were on level 5 of the Dungeon.
You worshipped Fedhas.
Fedhas was noncommittal.
You were hungry.

You visited 1 branch of the dungeon, and saw 5 of its levels.

You collected 173 gold pieces.

Inventory:

Missiles
 d - a throwing net (quivered)
Armour
 i - a +0 shield (worn)
 m - a +0 scale mail (worn)
 v - the +0 helmet of Ywaanos (worn) {Str+4}
   (You found it on level 4 of the Dungeon)

   It affects your strength (+4).
Jewellery
 t - an amulet of regeneration (around neck)
Wands
 q - a wand of slowing (20)
 u - a wand of paralysis (15)
Scrolls
 a - 5 scrolls of teleportation
 b - a scroll of identify
 h - a scroll of enchant armour {unknown}
 s - a scroll of recharging
Potions
 f - a potion of invisibility
 n - a potion of ambrosia
 o - a potion of resistance
 p - a potion of lignification
 r - 2 potions of heal wounds
Comestibles
 e - 2 bread rations
 g - a meat ration
 k - 3 slices of pizza
 l - 3 fruits
 w - a beef jerky


   Skills:
 + Level 4.0 Fighting
   Level 2.7 Maces & Flails
 - Level 2.2 Throwing
 + Level 3.0 Armour
 - Level 2.8 Dodging
 + Level 1.3 Shields
 * Level 4.4 Unarmed Combat


You had 6 spell levels left.
You didn't know any spells.

Dungeon Overview and Level Annotations

Branches:
Dungeon (5/15)
 Temple: D:4-7

Altars:
Dithmenos
Fedhas
Sif Muna
Yredelemnul

Shops:
D:4 =

Annotations:
D:3 exclusion: door
D:5 Edmund; Goblin1989's ghost, novice DsGl; Sigmund


Innate Abilities, Weirdness & Mutations

You have very sharp fingernails.
You are significantly more attuned to the shadows.


Message History

The hound skeleton bites you but does no damage.
You take 14 damage, and have 22/54 hp.
MASSIVE DAMAGE!!
You closely miss Edmund.
Edmund is lightly wounded.
Edmund hits you with a flail of holy wrath!
* * * LOW HITPOINT WARNING * * *
You convulse.
* * * LOW HITPOINT WARNING * * *
The hound skeleton barely misses you.
You take 10 damage, and have 12/54 hp.
You claw Edmund!
Edmund is moderately wounded.
The hound skeleton bites you.
* * * LOW HITPOINT WARNING * * *
Edmund clears his throat.
Edmund hits you with a flail of holy wrath!
* * * LOW HITPOINT WARNING * * *
You convulse.
You die...
Fedhas appreciates your contribution to the ecosystem.

#%..... ###...... #
#........ .
#§#...... ###
#.#...... ..
#.#.###########
#.#.W§(........
######.#....W..#####
#.Z@@..#.#####.#....
#.######.# #.#.###
... ... #...... #.#.
### ###.... #.#.
####. # .[ #.
#########.
#.........
######'#####.##


You could see Edmund and a hound skeleton.

Vanquished Creatures
  An ogre (D:4)
  A centaur (D:5)
  A scorpion (D:4)
  A crimson imp (D:5)
  A hound (D:5)
  A jelly (D:5)
  A centaur skeleton (D:4)
  A giant frog skeleton (D:4)
  Terence (D:3)
  An orc wizard (D:4)
  A worker ant (D:4)
  Robin (D:3)
  4 adders
  4 oozes (D:1)
  An adder skeleton (D:5)
  5 worms
  3 orcs (D:4)
  9 bats
  3 giant cockroaches (D:1)
  12 hobgoblins
  5 jackals (D:1)
  14 kobolds
  3 giant geckos
  5 giant newts
  17 goblins
  8 rats
105 creatures vanquished.

Notes
Turn   | Place    | Note
--------------------------------------------------------------
     0 | D:1      | Goblin1989 the Demonspawn Gladiator began the quest for the Orb.
     0 | D:1      | Reached XP level 1. HP: 16/16 MP: 1/1
     1 | D:1      | Found a runed door.
    96 | D:1      | Gained mutation: You have sharp fingernails. [demonic ancestry]
    96 | D:1      | Reached XP level 2. HP: 8/22 MP: 2/2
   797 | D:1      | Reached skill level 1 in Armour
   824 | D:1      | Gained mutation: You are slightly more attuned to the shadows. [demonic ancestry]
   824 | D:1      | Reached XP level 3. HP: 21/28 MP: 3/3
   852 | D:1      | Reached skill level 1 in Unarmed Combat
   893 | D:1      | HP: 1/28 [ooze (3)]
  1482 | D:2      | Gained mutation: You have very sharp fingernails. [demonic ancestry]
  1482 | D:2      | Reached XP level 4. HP: 25/34 MP: 4/4
  1990 | D:3      | Noticed Terence
  2194 | D:3      | Killed Terence
  2194 | D:3      | Reached skill level 3 in Fighting
  2194 | D:3      | Gained mutation: You are significantly more attuned to the shadows. [demonic ancestry]
  2194 | D:3      | Reached XP level 5. HP: 38/41 MP: 5/5
  2280 | D:3      | Noticed Robin
  2284 | D:3      | Killed Robin
  2350 | D:3      | Found a deep blue altar of Sif Muna.
  2528 | D:3      | Found a blossoming altar of Fedhas.
  2531 | D:3      | Found a shadowy altar of Dithmenos.
  2534 | D:3      | Found a basalt altar of Yredelemnul.
  2615 | D:3      | Became a worshipper of Fedhas Madash
  2833 | D:4      | Noticed an ogre
  2854 | D:4      | Killed an ogre
  2854 | D:4      | Reached XP level 6. HP: 32/47 MP: 6/6
  3216 | D:4      | Found Jihoca's Jewellery Shop.
  3535 | D:5      | Entered Level 5 of the Dungeon
  3572 | D:4      | Got a warped helmet
  3583 | D:4      | Identified the +0 helmet of Ywaanos {Str+4} (You found it on level 4 of the Dungeon)
  3631 | D:5      | Reached skill level 4 in Unarmed Combat
  3635 | D:5      | Noticed Sigmund
  3639 | D:5      | Noticed Goblin1989's ghost (novice DsGl)
  3747 | D:5      | Reached skill level 1 in Shields
  3747 | D:5      | Reached XP level 7. HP: 31/54 MP: 7/7
  4021 | D:5      | Noticed Edmund
  4043 | D:5      | HP: 1/54 [Edmund/flail of holy wrath (8)]
  4043 | D:5      | Slain by Edmund

Action                   |  1- 3 |  4- 6 |  7- 9 || total
-------------------------+-------+-------+-------++-------
Melee: Flail             |    32 |       |       ||    32
       Unarmed           |   212 |   253 |    26 ||   491
Throw: Throwing net      |       |     3 |       ||     3
  Use: Scroll            |       |    11 |       ||    11
       Potion            |       |     1 |       ||     1
 Stab: Sleeping          |       |     2 |       ||     2
       Distracted        |       |     1 |       ||     1
       Held in net/web   |       |     1 |       ||     1
  Eat: Chunk             |     2 |     3 |     1 ||     6
       Bread ration      |       |     1 |       ||     1
       Fruit             |       |     1 |       ||     1
